 Dungeon Crawl Stone Soup version 0.22.1-2-g9c5b331383 (webtiles) character file.

10034 Peloso the Carver (level 11, -11/97 HPs)
             Began as a Minotaur Fighter on Dec 30, 2018.
             Was a High Priest of Okawaru.
             Mangled by a white ugly thing (21 damage)
             ... on level 11 of the Dungeon.
             The game lasted 00:24:00 (10108 turns).

Peloso the Carver (Minotaur Fighter)               Turns: 10108, Time: 00:24:00

Health: -11/97     AC: 19    Str: 25    XL:     11   Next: 30%
Magic:  10/10      EV:  8    Int:  5    God:    Okawaru [*****.]
Gold:   61         SH: 12    Dex: 11    Spells: 10/10 levels left

rFire    + . .     SeeInvis +   a - +1 falchion (holy)
rCold    . . .     Gourm    .   c - +0 shield
rNeg     . . .     Faith    .   K - +0 plate armour
rPois    +         Spirit   .   (helmet restricted)
rElec    .         Reflect  .   y - +0 cloak
rCorr    .         Harm     .   (no gloves)
MR       +....                  (no boots)
Stlth    ..........             (no amulet)
HPRegen  0.26/turn              L - ring of Pitixt {rF+ MR+ AC+3}
MPRegen  0.12/turn              I - ring "Roskon" {rPois Str+2 Slay+3 SInv Stlth+}

@: no status effects
A: retaliatory headbutt, horns 2
a: Heroism, Finesse, Renounce Religion


You were on level 11 of the Dungeon.
You worshipped Okawaru.
Okawaru was extremely pleased with you.
You were not hungry.

You visited 2 branches of the dungeon, and saw 12 of its levels.
You also visited: Sewer.

You collected 609 gold pieces.
You spent 548 gold pieces at shops.

Inventory:

Hand Weapons
 a - a +1 falchion of holy wrath (weapon)
Armour
 b - a +0 scale mail
 c - a +0 shield (worn)
 y - a +0 cloak (worn)
 K - a +0 plate armour (worn)
Jewellery
 g - a +3 ring of protection
 C - an uncursed ring of protection from fire
 G - an uncursed ring of wizardry
 I - the ring "Roskon" (right hand) {rPois Str+2 Slay+3 SInv Stlth+}
   (You found it on level 6 of the Dungeon)

   [ring of stealth]

   It affects your strength (+2).
   It affects your accuracy and damage with ranged weapons and melee attacks
   (+3).
   It protects you from poison.
   It lets you see invisible.
   It makes you more stealthy.
 L - the ring of Pitixt (left hand) {rF+ MR+ AC+3}
   (You bought it in a shop on level 4 of the Dungeon)

   [ring of protection]

   It affects your AC (+3).
   It protects you from fire.
   It affects your resistance to hostile enchantments.
Wands
 A - a wand of flame (32)
 F - a wand of disintegration (24)
 H - a wand of paralysis (18)
 N - a wand of iceblast (4)
Scrolls
 d - 3 scrolls of blinking {unknown}
 e - 3 scrolls of amnesia
 i - a scroll of enchant armour {unknown}
 n - 5 scrolls of teleportation
 r - 6 scrolls of remove curse
 u - 2 scrolls of enchant weapon {unknown}
 x - 3 scrolls of fear {unknown}
 z - 3 scrolls of identify
 B - a scroll of noise {unknown}
 D - 3 scrolls of fog
 E - 2 scrolls of magic mapping
 J - a scroll of vulnerability {unknown}
Potions
 h - 4 potions of brilliance
 j - 2 potions of agility
 k - 11 potions of heal wounds
 l - 3 potions of haste
 o - 2 potions of ambrosia
 p - 2 potions of curing
 q - 2 potions of resistance
 s - 3 potions of mutation
 t - 4 potions of flight
 v - 2 potions of might
Comestibles
 f - 16 rations
 M - 10 chunks of flesh


   Skills:
 + Level 9.1 Fighting
 + Level 12.1 Long Blades
 + Level 10.4 Armour
 + Level 4.2 Dodging
 + Level 1.6 Stealth
 + Level 11.0 Shields
 + Level 0.7 Invocations


You had 10 spell levels left.
You didn't know any spells.
Your spell library contained the following spells:

 Spells                   Type           Power        Failure   Level  Hunger
 Animate Skeleton         Necr           N/A          100%        1    ##.....
 Apportation              Tloc           #.....       100%        1    ##.....
 Confusing Touch          Hex            #.....       100%        1    ##.....
 Freeze                   Ice            #...         100%        1    ##.....
 Summon Small Mammal      Summ           #...         100%        1    ##.....
 Throw Frost              Conj/Ice       #.....       100%        2    ###....
 Ozocubu's Armour         Chrm/Ice       #.......     100%        3    ####...
 Summon Ice Beast         Ice/Summ       #.......     100%        4    #####..
 Throw Icicle             Conj/Ice       #.......     100%        4    #####..


Dungeon Overview and Level Annotations

Branches:
Dungeon (11/15)            Temple (1/1) D:6             Orc (0/2) D:11
   Lair: D:8-11

Altars:
Ashenzari
Cheibriados
Dithmenos
Elyvilon
Fedhas
Gozag
Hepliaklqana
Kikubaaqudgha
Makhleb
Nemelex Xobeh
Okawaru
Qazlal
Ru
Sif Muna
Trog
Vehumet
Wu Jian
Xom
Yredelemnul
Zin
The Shining One

Shops:
D:4 =   D:5 :(}((   D:6 ?   D:8 %


Innate Abilities, Weirdness & Mutations

You reflexively headbutt those who attack you in melee.
You have a pair of horns on your head.


Message History

You block the white ugly thing's attack.
You closely miss the white ugly thing.
The white ugly thing is moderately wounded.
The centaur shoots an arrow.
The arrow barely misses you.
You slash the white ugly thing!
The white ugly thing is moderately wounded.
The white ugly thing tail-slaps you! The white ugly thing freezes you!
The centaur shoots an arrow.
The arrow barely misses you.
You slash the white ugly thing! You headbutt the white ugly thing!
The white ugly thing is severely wounded.
The white ugly thing tail-slaps you! The white ugly thing freezes you!!
* * * LOW HITPOINT WARNING * * *
The centaur shoots an arrow.
You block the arrow.
You hit the white ugly thing.
Your headbutt misses the white ugly thing.
The white ugly thing is severely wounded.
The white ugly thing tail-slaps you.
* * * LOW HITPOINT WARNING * * *
The white ugly thing freezes you!!
You die...

....#
###............>........
....#
#.......................
#####
#.......................
#
#.......................
#
####.<..........<.......
# ####..............P.P
#.................
###................
#.@................
#u...............♣P
...u............††♣.
......................
#......................
#....................###
#....................#
#...#....c...........#
..........##


You could see 2 ugly things and a centaur.

Vanquished Creatures
  4 two-headed ogres
  An ugly thing (D:10)
  A gargoyle (D:10)
  A troll (D:9)
  4 hippogriffs
  A wyvern (D:11)
  A human (D:8)
  A water moccasin (D:7)
  3 porcupines
  A swamp drake (D:11)
  3 phantoms
  Purgy (Sewer)
  2 black bears
  5 sky beasts
  3 orc warriors
  3 ice beasts
  4 centaurs
  An eye of draining (D:9)
  4 wolves
  4 ogres
  A crocodile (D:11)
  A big kobold (D:8)
  4 bullfrogs
  A wyvern skeleton (D:7)
  3 scorpions
  4 killer bees (D:9)
  5 wights (D:9)
  A howler monkey (D:5)
  3 crimson imps
  A centaur zombie (D:5)
  5 jellies
  2 bullfrog zombies (D:11)
  5 orc priests
  A hound (D:5)
  5 bullfrog skeletons
  Jessica (D:2)
  4 iguanas
  8 orc wizards
  4 worker ants
  3 hound skeletons
  A worker ant zombie (D:5)
  4 gnolls (D:6)
  2 howler monkey skeletons
  12 adders
  6 shadow imps
  3 oozes
  2 adder zombies
  An adder skeleton (D:4)
  4 worms
  2 dart slugs
  2 leopard geckos
  38 orcs
  9 giant cockroaches
  8 goblins
  10 hobgoblins
  14 jackals
  A quokka (D:2)
  4 ball pythons
  3 bats
  5 frilled lizards
  13 kobolds
  A quokka skeleton (D:6)
  5 rats (D:2)
260 creatures vanquished.

Vanquished Creatures (others)
  An orc wizard (D:10)
1 creature vanquished.

Grand Total: 261 creatures vanquished

Notes
Turn   | Place    | Note
-------+----------+-------------------------------------------
     0 | D:1      | Peloso the Minotaur Fighter began the quest for the Orb.
     0 | D:1      | Reached XP level 1. HP: 19/19 MP: 0/0
   165 | D:1      | Reached XP level 2. HP: 24/27 MP: 1/1
   692 | D:2      | Reached XP level 3. HP: 20/33 MP: 2/2
   972 | D:2      | Reached skill level 3 in Long Blades
   972 | D:2      | Reached XP level 4. HP: 39/40 MP: 3/3
   997 | D:2      | Reached skill level 1 in Dodging
  1336 | D:2      | Noticed Jessica
  1344 | D:2      | Killed Jessica
  2105 | D:3      | Reached XP level 5. HP: 47/47 MP: 4/4
  2373 | D:3      | Found a faded altar of an unknown god.
  2405 | D:3      | You fall through a shaft for 3 floors!
  2419 | D:5      | Entered Level 5 of the Dungeon
  2419 | D:5      | Found a shadowy altar of Dithmenos.
  2419 | D:5      | Noticed an ogre
  2424 | D:5      | Killed an ogre
  2424 | D:5      | Reached skill level 4 in Long Blades
  2424 | D:5      | Reached skill level 5 in Armour
  2449 | D:5      | Found Subicoko's Antique Weapon Boutique.
  2471 | D:5      | Found Geseriur's Weapon Boutique.
  2500 | D:5      | Found Gusk's Weapon Shoppe.
  2515 | D:5      | Reached XP level 6. HP: 34/53 MP: 5/5
  2532 | D:5      | Reached skill level 5 in Long Blades
  2532 | D:5      | Reached skill level 5 in Shields
  2562 | D:5      | Found a glowing drain.
  2696 | Sewer    | Entered a sewer
  2740 | Sewer    | Noticed Purgy
  2765 | Sewer    | Killed Purgy
  3103 | D:5      | Reached XP level 7. HP: 60/60 MP: 6/6
  3106 | D:5      | Found Nocrik Letei's Gadget Shoppe.
  3505 | D:5      | Found Kaadib's Book Shoppe.
  3767 | D:4      | Found a hazy altar of Hepliaklqana.
  3862 | D:4      | Found a white marble altar of Elyvilon.
  3890 | D:4      | Reached skill level 6 in Long Blades
  3969 | D:4      | Found Huadas's Jewellery Shop.
  3978 | D:4      | Reached skill level 5 in Fighting
  4356 | D:4      | Found a shimmering altar of Xom.
  4540 | D:4      | Found a sacrificial altar of Ru.
  4924 | D:6      | Found a staircase to the Ecumenical Temple.
  4968 | D:6      | Reached XP level 8. HP: 69/69 MP: 7/7
  4980 | Temple   | Entered the Ecumenical Temple
  5000 | Temple   | Became a worshipper of Warmaster Okawaru
  5022 | D:6      | Found Bineepa's Magic Scroll Boutique.
  5030 | D:6      | Bought a scroll of magic mapping for 42 gold pieces
  5030 | D:6      | Bought a scroll of teleportation for 36 gold pieces
  5030 | D:6      | Bought a scroll of fog for 24 gold pieces
  5226 | D:6      | Got a shimmering brass ring
  5228 | D:6      | Identified the ring "Roskon" {rPois Str+2 Slay+3 SInv
                  | Stlth+} (You found it on level 6 of the Dungeon)
  5369 | D:6      | Reached skill level 7 in Long Blades
  5776 | D:7      | Found a burning altar of Makhleb.
  5861 | D:7      | Reached * piety under Okawaru
  5861 | D:7      | Reached skill level 1 in Stealth
  6198 | D:7      | Reached skill level 8 in Long Blades
  6479 | D:8      | Found Iplanam's Food Shop.
  6497 | D:8      | Noticed a hippogriff
  6514 | D:8      | Killed a hippogriff
  6514 | D:8      | Reached XP level 9. HP: 67/75 MP: 8/8
  6568 | D:8      | Noticed a two-headed ogre
  6588 | D:8      | Killed a two-headed ogre
  6588 | D:8      | Reached ** piety under Okawaru
  6588 | D:8      | Reached skill level 9 in Long Blades
  6691 | D:8      | You fall through a shaft for 2 floors!
  6691 | D:10     | Entered Level 10 of the Dungeon
  6736 | D:10     | Noticed a gargoyle
  6748 | D:10     | Killed a gargoyle
  6748 | D:10     | Reached *** piety under Okawaru
  6773 | D:10     | Noticed a two-headed ogre
  6777 | D:10     | Killed a two-headed ogre
  6777 | D:10     | Reached skill level 10 in Long Blades
  6777 | D:10     | Reached XP level 10. HP: 83/86 MP: 6/9
  7533 | D:9      | Found an ancient bone altar of Kikubaaqudgha.
  7541 | D:9      | Noticed a two-headed ogre
  7548 | D:9      | Killed a two-headed ogre
  7548 | D:9      | Reached skill level 10 in Shields
  7720 | D:9      | Found a shattered altar of Ashenzari.
  7772 | D:9      | Reached **** piety under Okawaru
  7810 | D:9      | Found a deep blue altar of Sif Muna.
  7811 | D:9      | Found a radiant altar of Vehumet.
  7813 | D:9      | Identified Kikubaaqudgha's Volume of Evil
  7955 | D:9      | Reached skill level 11 in Long Blades
  8465 | D:9      | Found a stormy altar of Qazlal.
  8930 | D:4      | Bought the ring of Pitixt {rF+ MR+ AC+3} for 446 gold
                  | pieces
  9105 | D:10     | Noticed a two-headed ogre
  9112 | D:10     | Killed a two-headed ogre
  9112 | D:10     | Reached ***** piety under Okawaru
  9112 | D:10     | Reached skill level 10 in Armour
  9150 | D:11     | Noticed a brown ugly thing
  9284 | D:10     | Reached XP level 11. HP: 70/95 MP: 10/10
  9423 | D:10     | Killed a brown ugly thing
  9706 | D:11     | Reached skill level 12 in Long Blades
  9777 | D:11     | Received a gift from Okawaru
  9827 | D:11     | Found a staircase to the Orcish Mines.
 10096 | D:11     | Noticed a white ugly thing
 10101 | D:11     | Noticed a red ugly thing
 10108 | D:11     | Mangled by a white ugly thing

Skill      XL: |  1  2  3  4  5  6  7  8  9 10 11 |
---------------+----------------------------------+-----
Fighting       | 4 5 6 7 8 9 |  9.1
Armour         | 4 5 6 7 8 10 | 10.4
Shields        | 4 5 6 7 9 10 11 | 11.0
Long Blades    | 3 4 5 6 8 10 11 12 | 12.1
Dodging        | 1 2 3 4 |  4.2
Stealth        | 1 |  1.6
Invocations    | |  0.7

Action                   |  1- 3 |  4- 6 |  7- 9 | 10-12 || total
-------------------------+-------+-------+-------+-------++-------
Melee: Long sword        |    57 |   162 |    24 |       ||   243
       Headbutt          |     8 |    29 |    71 |    78 ||   186
       Falchion          |       |       |   295 |   275 ||   570
Invok: Heroism           |       |       |     2 |     3 ||     5
  Use: Scroll            |       |     8 |     1 |     6 ||    15
       Potion            |       |     4 |     1 |       ||     5
 Stab: Confused          |       |       |       |     1 ||     1
  Eat: Chunk             |       |     7 |     9 |     7 ||    23
       Ration            |       |       |     1 |     1 ||     2
Armor: Scale mail        |    24 |    58 |       |       ||    82
       Chain mail        |       |    47 |   124 |    19 ||   190
       Plate armour      |       |       |       |   121 ||   121
Dodge: Dodged            |    26 |    62 |    61 |    99 ||   248
Block: Shield            |    40 |    98 |   152 |   176 ||   466
       Rpst.: Long sword |     2 |    14 |     1 |       ||    17
       Falchion          |       |       |    13 |    23 ||    36
